AoeStats
← cafdlheraa

Nomad

509718794Analyzed
4v4 RM · 4d ago on Sep 27, 2026· 40m 27s· 8 players
Game mode
Random Map
Map size
231×231
Population
200
Speed
Normal
Resources
Standard
Victory
Conquest
Starting age
Dark Age
Ending age
Imperial Age
RankedLock teamsTeams togetherTeam positionsShared explorationLock speedFull tech treeHidden civsTurbo modeCheats
Victory
Defeat
🇹🇷 Mongols · Türkiye
624
+13
🇹🇷 Portuguese · Türkiye
566
+15
🇪🇸 Byzantines · Spain
552
+27
🇲🇽 Poles · Mexico
464
+21
🇩🇪 Slavs · Germany
656
-19
🇧🇷 Shu · Brazil
643
-20
🇧🇷 Romans · Brazil
613
-19
🇦🇷 Chinese · Argentina
290
-7
cafdlheraa
18:20 Feudal Age
18:56 Town Watch
19:47 Double-Bit Axe
21:53 Loom
25:13 Gold Mining
27:40 Man-at-Arms
28:06 Arson
29:29 Bloodlines
31:41 Castle Age
32:39 Bow Saw
32:42 Horse Collar
33:11 Husbandry
32:32 Light Cavalry
33:10 Stone Mining
32:45 Long Swordsman
36:34 Wheelbarrow
37:57 Stone Shaft Mining
fjcm2001tb
3:51 Loom
18:02 Feudal Age
18:15 Man-at-Arms
19:20 Arson
20:10 Horse Collar
20:22 Double-Bit Axe
22:25 Fishing Lines
24:51 Wheelbarrow
31:17 Castle Age
32:26 Scale Barding Armor
32:32 Forging
32:22 Scale Mail Armor
32:13 Fletching
33:19 Hand Cart
33:03 Gold Mining
33:05 Stone Mining
33:17 Heavy Plow
34:13 Pikeman
34:53 Squires
34:15 Long Swordsman
34:41 Gambesons
35:16 Gillnets
36:09 Light Cavalry
36:51 Husbandry
40:14 Imperial Age
BozKURT
18:18 Feudal Age
19:36 Double-Bit Axe
21:06 Wheelbarrow
20:45 Fishing Lines
28:52 Castle Age
26:37 Man-at-Arms
27:04 Arson
27:10 Gold Mining
27:45 Stone Mining
30:46 Scale Barding Armor
37:32 Medium Warships
37:42 Bow Saw
42:32 Imperial Age
40:08 Horse Collar
NebulaTR
11:30 Loom
21:57 Feudal Age
22:34 Fishing Lines
23:39 Wheelbarrow
23:33 Gold Mining
29:43 Stone Mining
35:24 Castle Age
33:20 Double-Bit Axe
32:59 Man-at-Arms
36:16 Medium Warships
35:58 Gillnets
37:28 Bow Saw
37:41 Hand Cart
41:07 Stone Shaft Mining
Dr_safe_420
5:02 Loom
14:01 Feudal Age
Jumpshot
6:03 Loom
16:35 Feudal Age
18:07 Fishing Lines
19:27 Double-Bit Axe
19:59 Gold Mining
21:18 Horse Collar
Σ(Bug Bonny) != NULL
15:41 Feudal Age
17:04 Wheelbarrow
16:22 Man-at-Arms
16:49 Arson
17:03 Horse Collar
17:13 Double-Bit Axe
18:34 Fishing Lines
25:31 Stone Mining
25:31 Gold Mining
31:10 Castle Age
35:32 Bow Saw
TRMN. no pain, no gain
13:28 Loom
16:13 Feudal Age
20:02 Double-Bit Axe
20:51 Fishing Lines
23:22 Horse Collar
26:56 Castle Age
27:36 Stone Mining
30:39 Squires
31:03 Gold Mining
32:33 Bow Saw
32:25 Heavy Plow
32:39 Scale Mail Armor
32:50 Forging
35:04 Gold Shaft Mining
35:34 Chain Mail Armor
36:43 Man-at-Arms
Connection lost

Rejoining the realm…

Still unreachable

The connection could not be restored.

Session expired

The server has moved on; the page needs a fresh start.